Kradschützen Motorcycle Team
Selects Italian Combined Arms Battlegroup
Selects Bersaglieri Squad
Construct Light Support Kompanie
Selects Bersaglieri Bolster
le.IG 18 Support Gun Team
Panzerjäger Mechanized Group
Selects Breda Model 30 Light Machine Guns
Pak 38 Anti-tank Gun Team
Selects Semovente da 75/18 Assault Gun
Selects Carro Armato M13/40 Light Tank
Construct Panzerarmee Kommand
Panzerjäger Mechanized Group
Walking Stuka Rocket Launcher
Flak 36 Anti-tank Gun Team
Flak 36 Anti-tank Gun Team
Pak 38 Anti-tank Gun Team